[Event "ICC tourney 2545 (5 3)"]
[Site "Internet Chess Club"]
[Date "2021.04.11"]
[Round "4"]
[White "Tlaloc"]
[Black "kdbel"]
[Result "1/2-1/2"]
[ICCResult "Game drawn by repetition"]
[WhiteElo "2458"]
[BlackElo "1572"]
[Opening "Réti opening"]
[ECO "A05"]
[NIC "QP.11"]
[Time "15:19:54"]
[TimeControl "300+3"]

1. Nf3 Nf6 2. g3 d5 3. Bg2 c6 4. O-O Nbd7 5. d3 e5 6. Nbd2 Bd6 7. e4 O-O 8.
Re1 Re8 9. Nh4 Nf8 10. c3 Be6 11. Qc2 Rc8 12. a4 a5 13. Nf1 Qc7 14. Bg5 N8d7
15. Rad1 h6 16. Bc1 b5 17. Ne3 Nb6 18. b3 bxa4 19. bxa4 Bf8 20. Nef5 Bd7 21.
Be3 c5 22. Ra1 d4 23. cxd4 cxd4 24. Qxc7 Rxc7 25. Bd2 Ra8 26. Nf3 Rc5 27.
Rec1 Rac8 28. Rxc5 Rxc5 29. Bh3 Nxa4 30. Nxh6+ gxh6 31. Bxd7 Nxd7 32. Rxa4
Nb6 33. Rxa5 Rxa5 34. Bxa5 Nd7 35. Bc7 f6 36. Nh4 Nc5 37. f4 Nxd3 38. fxe5
fxe5 39. Kf1 Bg7 40. Ng6 Kf7 41. Ke2 Nc1+ 42. Kd1 Kxg6 43. Kxc1 h5 44. Kd2
Kg5 45. h3 h4 46. Bd8+ Bf6 47. Bxf6+ Kxf6 48. g4 Kg5 49. Ke2 Kf4 50. Kd3 Kg5
51. Ke2 Kf6 52. Kd3 Kg6 53. Kd2 Kg5 54. Ke2 Kf4 55. Kd3 Kg5 56. Ke2 Kf4 57.
Kd3 Kg5 58. Ke2 {Game drawn by repetition} 1/2-1/2

[Event "ICC tourney 2545 (5 3)"]
[Site "Internet Chess Club"]
[Date "2021.04.11"]
[Round "4"]
[White "HEM"]
[Black "Champi"]
[Result "0-1"]
[ICCResult "White forfeits on time"]
[WhiteElo "1641"]
[BlackElo "2421"]
[Opening "Queen's pawn game"]
[ECO "D02"]
[NIC "QP.08"]
[Time "15:19:15"]
[TimeControl "300+3"]

1. d4 d5 2. Nf3 Bf5 3. e3 e6 4. Bd3 Bg6 5. O-O c5 6. b3 Nc6 7. dxc5 Bxc5 8.
Bb2 Nf6 9. Ne5 O-O 10. Nxg6 hxg6 11. a3 e5 12. Bb5 Qe7 13. Nc3 Rfd8 14. Na4
Bd6 15. Bxc6 bxc6 16. Qe2 e4 17. c4 Rab8 18. b4 a5 19. c5 Bc7 20. Nb6 axb4
21. axb4 Bxb6 22. cxb6 Rxb6 23. Bd4 Rxb4 24. Rfc1 Qe6 25. Ra7 Nd7 26. Qd2
Rdb8 27. h3 Rb1 28. Rxb1 Rxb1+ 29. Kh2 c5 30. Ra8+ Kh7 31. Qc2 Qd6+ 32. g3
Rb7 33. Ba1 f6 34. h4 Nb6 35. Ra6 Qc7 36. h5 gxh5 37. Qe2 Kh6 38. Kh3 Qd7+
39. Kg2 Nc4 40. Qf1 Qg4 41. Qe1 h4 42. Qc3 Rb1 43. Rxf6+ Kh7
{White forfeits on time}
0-1

[Event "ICC tourney 2545 (5 3)"]
[Site "Internet Chess Club"]
[Date "2021.04.11"]
[Round "4"]
[White "mhebden"]
[Black "jfk2014"]
[Result "0-1"]
[ICCResult "White resigns"]
[WhiteElo "2487"]
[BlackElo "2023"]
[Opening "Queen's pawn game"]
[ECO "A46"]
[NIC "QP.06"]
[Time "15:19:11"]
[TimeControl "300+3"]

1. d4 Nf6 2. Nf3 e6 3. c3 c5 4. Bg5 Qb6 5. Qb3 Ne4 6. Bf4 Nc6 7. Qxb6 axb6
8. e3 Bd6 9. Bxd6 Nxd6 10. Nbd2 f5 11. Bd3 cxd4 12. exd4 b5 13. O-O b6 14.
Ne5 Bb7 15. Rfe1 Ne7 16. a3 Bd5 17. Be2 Nc6 18. Nxc6 dxc6 19. Bf3 Kd7 20.
Bxd5 exd5 21. Nf3 Rhe8 22. Ne5+ Kc7 23. f3 Nc4 24. Nd3 Kd6 25. h4 c5 26. Kf2
Na5 27. Rad1 cxd4 28. cxd4 Nc6 29. Rxe8 Rxe8 30. Nf4 b4 31. axb4 Nxb4 32.
Ra1 Re7 33. Ra8 Nc6 34. Rh8 g6 35. Rg8 Nxd4 36. Rd8+ Kc6 37. Rxd5 Ne2 38.
Rxf5 gxf5 39. Nxe2 Kd5 40. Nf4+ Kc4 41. g4 fxg4 42. fxg4 Rf7 43. Ke3 Kb3 44.
g5 Kxb2 45. h5 Rf5 46. g6 hxg6 47. hxg6 Rg5 48. Kd4 b5 49. Nd3+ Ka3 50. Ne5
b4 51. Nc4+ Ka2 52. Ne5 b3 {White resigns} 0-1

[Event "ICC tourney 2545 (5 3)"]
[Site "Internet Chess Club"]
[Date "2021.04.11"]
[Round "4"]
[White "ser71itmex"]
[Black "Goran21"]
[Result "0-1"]
[ICCResult "White forfeits on time"]
[WhiteElo "1566"]
[BlackElo "1891"]
[Opening "Sicilian: Alapin's variation (2.c3)"]
[ECO "B22"]
[NIC "SI.46"]
[Time "15:19:54"]
[TimeControl "300+3"]

1. e4 c5 2. c3 d5 3. exd5 e6 4. dxe6 Bxe6 5. Bb5+ Nc6 6. Nf3 Nf6 7. O-O Bd6
8. d4 cxd4 9. Nxd4 O-O 10. Bxc6 bxc6 11. Nxe6 fxe6 12. h3 Qe7 13. Bg5 h6 14.
Bh4 Rad8 15. Qe2 Qf7 16. Nd2 Kh8 17. Bxf6 Qxf6 18. Ne4 Qe5 19. g3 Bc7 20. f4
Bb6+ 21. Kg2 Qc7 22. Rad1 Rd5 23. c4 Rdf5 24. b4 Qe7 25. c5 Bc7 26. Qg4 e5
27. fxe5 Qxe5 28. Nd6 Qb2+ 29. Kg1 Rf2 30. Rxf2 Qxf2+ 31. Kh1 Bxd6 32. cxd6
Re8 33. d7 Rd8 34. Qe4 Qxg3 35. Qe8+ Kh7 36. Qe4+ Qg6 37. Qe7 Qf6 38. Qe4+
g6 39. Qe8 Qf3+ 40. Kh2 Qf4+ 41. Kg2 Qg5+ 42. Kf2 h5 43. Rg1 Qf6+ 44. Ke2
Kg7 45. Rf1 Qb2+ 46. Kf3 Qc3+ 47. Kg2 Qd2+ 48. Rf2 Qxd7 49. Qe5+ Kh7 50. Rf3
Re8 {White forfeits on time} 0-1

[Event "ICC tourney 2545 (5 3)"]
[Site "Internet Chess Club"]
[Date "2021.04.11"]
[Round "4"]
[White "Morad-Magdy"]
[Black "sceptic"]
[Result "1-0"]
[ICCResult "Black forfeits on time"]
[WhiteElo "1940"]
[BlackElo "1530"]
[Opening "Queen's pawn game"]
[ECO "D02"]
[NIC "QP.08"]
[Time "15:19:17"]
[TimeControl "300+3"]

1. d4 d5 2. Nf3 Bf5 3. c4 e6 4. Qb3 b6 5. Nc3 c6 6. Bf4 Nd7 7. e3 Ngf6 8.
cxd5 exd5 9. Nh4 Bg4 10. h3 Bh5 11. Nf5 Bg6 12. Nd6+ Bxd6 13. Bxd6 Ne4 14.
Ba3 Rc8 15. Nxd5 cxd5 16. Qxd5 Nef6 17. Qd6 Ne4 18. Qd5 Nef6 19. Qd6 Ne4 20.
Qf4 Qf6 21. Qxf6 Ndxf6 22. Bb5+ Kd8 23. O-O Kc7 24. f3 Ng3 25. Rfc1+ Kb7 26.
e4 a6 27. Bd3 Rxc1+ 28. Rxc1 Rc8 29. Bxa6+ Kxa6 30. Rxc8 Ne2+ 31. Kf2 Nxd4
32. Bf8 Ne6 33. Be7 Kb7 34. Rc1 Nd7 35. Ke3 f5 36. exf5 Bxf5 37. g4 Bg6 38.
f4 Nec5 39. f5 Bf7 40. b4 Na6 41. a4 Nc7 42. Bd6 Nd5+ 43. Kd4 h6 44. Rc2
N7f6 45. Ke5 Nd7+ 46. Kd4 N7f6 47. Be5 Ne8 48. b5 Nef6 49. Rc6 Nd7 50. Bxg7
Nb4 51. Rd6 Kc7 52. Rxh6 Nc2+ 53. Kc3 Ne3 54. Rc6+ Kb7 55. Rd6 Kc7 56. Rd3
Nd5+ 57. Kd4 {Black forfeits on time} 1-0

[Event "ICC tourney 2545 (5 3)"]
[Site "Internet Chess Club"]
[Date "2021.04.11"]
[Round "4"]
[White "Cramagica"]
[Black "GiteshC"]
[Result "1-0"]
[ICCResult "Black resigns"]
[WhiteElo "1252"]
[BlackElo "1319"]
[Opening "Bird's opening"]
[ECO "A03"]
[NIC "VO.07"]
[Time "15:19:53"]
[TimeControl "300+3"]

1. f4 d5 2. Nf3 Nf6 3. b3 g6 4. Bb2 Bg7 5. e3 O-O 6. Bd3 c5 7. O-O Nc6 8. a3
a5 9. Nc3 d4 10. exd4 Nxd4 11. Ne4 Bg4 12. Bxd4 Bxf3 13. Nxf6+ exf6 14. Qxf3
Qxd4+ 15. Kh1 b6 16. Rae1 f5 17. g3 Rab8 18. c3 Qd6 19. Re3 Rfe8 20. Rfe1
Rxe3 21. Qxe3 Rd8 22. Bc4 a4 23. bxa4 Qxd2 24. Qxd2 Rxd2 25. Re8+ Bf8 26.
Rb8 Rc2 27. Rxb6 Rxc3 28. Bb5 Rxa3 29. Rc6 Ra2 30. Rc8 Kg7 31. h3 Rd2 32. a5
Rb2 33. Bc4 Rb4 34. Bf1 Bd6 35. a6 Ra4 36. Rc6 Be7 37. Rc7 Kf6 38. a7 Ra1
39. Kg2 Ra2+ 40. Kf3 c4 41. Bxc4 Ra3+ 42. Kg2 h6 43. Bd5 Bc5 44. a8=Q Rxa8
45. Bxa8 g5 46. Rxc5 gxf4 47. gxf4 {Black resigns} 1-0

[Event "ICC tourney 2545 (5 3)"]
[Site "Internet Chess Club"]
[Date "2021.04.11"]
[Round "4"]
[White "Eberhard"]
[Black "skot"]
[Result "1-0"]
[ICCResult "Black resigns"]
[WhiteElo "2087"]
[BlackElo "2029"]
[Opening "KGD: Falkbeer counter-gambit"]
[ECO "C31"]
[NIC "KG.04"]
[Time "15:20:03"]
[TimeControl "300+3"]

1. e4 e5 2. f4 d5 3. exd5 exf4 4. d4 Nf6 5. c4 Bb4+ 6. Nc3 O-O 7. Bxf4 c6 8.
dxc6 Nxc6 9. Nf3 Qa5 10. Bd2 Bg4 11. d5 Ne5 12. Be2 Bxf3 13. gxf3 Rfe8 14.
Kf1 Qd8 15. Rg1 Bc5 16. Rg5 h6 17. Rg2 Ng6 18. Qc2 a6 19. Rxg6 fxg6 20. Qxg6
Be3 21. Bxe3 Rxe3 22. Rd1 Qe8 23. Qxe8+ Raxe8 24. Kf2 R3e7 25. c5 Rc8 26. b4
Kf7 27. Bc4 Ke8 28. a3 g5 29. Na4 Nd7 30. Bd3 Re5 31. Nb2 Ke7 32. d6+ Kf6
33. Nc4 Ree8 34. Be4 b6 35. c6 Red8 36. c7 Re8 37. Bc6 Ne5 38. Nxe5 Rxe5 39.
d7 Rxc7 40. d8=Q+ {Black resigns} 1-0

[Event "ICC tourney 2545 (5 3)"]
[Site "Internet Chess Club"]
[Date "2021.04.11"]
[Round "4"]
[White "ulff"]
[Black "JstackGA"]
[Result "1/2-1/2"]
[ICCResult "Game drawn by repetition"]
[WhiteElo "1828"]
[BlackElo "1447"]
[Opening "French: advance, Euwe variation"]
[ECO "C02"]
[NIC "FR.03"]
[Time "15:19:38"]
[TimeControl "300+3"]

1. e4 e6 2. d4 d5 3. e5 c5 4. c3 Nc6 5. Nf3 Bd7 6. a3 f6 7. b4 fxe5 8. dxe5
Qc7 9. Bf4 Nge7 10. Bd3 Ng6 11. Bxg6+ hxg6 12. Qd3 Kf7 13. Ng5+ Kg8 14. Qxg6
Nxe5 15. Bxe5 Qxe5+ 16. Kf1 Qf6 17. Qxf6 gxf6 18. Nf3 Bd6 19. Nbd2 Kf7 20.
Kg1 Rag8 21. Nb3 b6 22. h4 Rg4 23. Nbd2 Rhg8 24. g3 a5 25. Rb1 cxb4 26. cxb4
axb4 27. axb4 Bxb4 28. Kg2 Bc5 29. Nb3 Ke7 30. Rhc1 Kd6 31. Nxc5 bxc5 32.
Rb6+ Bc6 33. Kh3 d4 34. Ra1 e5 35. Raa6 Rc8 36. Nh2 Re4 37. Ng4 f5 38. Nf6
Re2 39. h5 Rxf2 40. h6 Rf1 41. Rxc6+ Rxc6 42. Rxc6+ Kxc6 43. Kg2 Ra1 44. h7
Ra8 45. Ng8 Ra2+ 46. Kh3 Ra1 47. Kh2 Ra2+ 48. Kh3 Ra1 49. Kg2 Ra2+ 50. Kg1
Ra1+ 51. Kh2 Ra2+ 52. Kg1 Ra1+ 53. Kg2 Ra2+ 54. Kg1 Ra1+ 55. Kg2 Ra2+ 56.
Kg1 {Game drawn by repetition} 1/2-1/2

[Event "ICC tourney 2545 (5 3)"]
[Site "Internet Chess Club"]
[Date "2021.04.11"]
[Round "4"]
[White "rj1234"]
[Black "Ohanessian"]
[Result "1-0"]
[ICCResult "Black checkmated"]
[WhiteElo "1984"]
[BlackElo "2005"]
[Opening "Sicilian defense"]
[ECO "B41"]
[NIC "SI.41"]
[Time "15:19:16"]
[TimeControl "300+3"]

1. e4 c5 2. Nf3 e6 3. d4 cxd4 4. Nxd4 Bc5 5. Nc3 Qb6 6. Na4 Qa5+ 7. c3 Bxd4
8. Qxd4 Nf6 9. Nc5 O-O 10. f3 Nc6 11. Qf2 d5 12. Bg5 Nd7 13. exd5 exd5 14.
Nb3 Re8+ 15. Be2 Qa6 16. Be3 Qa4 17. O-O Na5 18. Nxa5 Qxa5 19. a4 Nf6 20.
Bd4 Qd8 21. Rfe1 Be6 22. Bxa7 Nd7 23. Bd4 Nf8 24. Qg3 Ng6 25. Bd3 Qc8 26. b4
Bd7 27. Rxe8+ Qxe8 28. Re1 Qc8 29. a5 Bf5 30. Bxf5 Qxf5 31. h4 h5 32. Re7 b6
33. axb6 Ra1+ 34. Kh2 Qb1 35. Re8+ Kh7 36. Qg5 Qh1+ 37. Kg3 Qxh4+ 38. Qxh4
Nxh4 39. Kxh4 Kh6 40. b7 g5+ 41. Kg3 Ra2 42. b8=Q h4+ 43. Kg4 Rxg2+ 44. Kf5
Rg3 45. Rh8# {Black checkmated} 1-0

[Event "ICC tourney 2545 (5 3)"]
[Site "Internet Chess Club"]
[Date "2021.04.11"]
[Round "4"]
[White "FL2009"]
[Black "arjun-venkat"]
[Result "1-0"]
[ICCResult "Black forfeits on time"]
[WhiteElo "1654"]
[BlackElo "1270"]
[Opening "Giuoco Piano: Anderssen variation"]
[ECO "C54"]
[NIC "IG.02"]
[Time "15:19:19"]
[TimeControl "300+3"]

1. e4 e5 2. Nf3 Nc6 3. Bc4 Bc5 4. c3 Nf6 5. d4 exd4 6. e5 d5 7. Bb5 Ne4 8.
cxd4 Bb4+ 9. Bd2 Nxd2 10. Nbxd2 Bxd2+ 11. Qxd2 Qe7 12. Rc1 Bd7 13. O-O O-O
14. Bd3 Bg4 15. Be2 Rac8 16. a3 Rfd8 17. h3 Bxf3 18. Bxf3 Qh4 19. Rfd1 Qe7
20. Rc5 Qe6 21. Rdc1 f5 22. b4 Rd7 23. Qc3 Qf7 24. Qe3 Re8 25. Re1 Qe6 26.
Rd1 h6 27. Qb3 Red8 28. Qd3 g5 29. Qb5 g4 30. hxg4 fxg4 31. Be2 Nxd4 32.
Rxd4 Qxe5 33. Rxg4+ Kh8 34. Qd3 Re7 35. Bf1 c6 36. Qg6 Rg7 37. Qxh6+ Rh7 38.
Qf4 Qxf4 39. Rxf4 d4 40. Rc1 d3 41. Rd1 d2 42. Re4 Rhd7 43. Re2 Kg7 44. f3
Kf6 45. Kf2 Kf5 46. g3 Rd3 47. Bh3+ Kf6 48. Re3 R8d6 49. Ke2 R3d4 50. Bc8 b6
51. Bh3 a6 52. Bf1 c5 53. bxc5 bxc5 54. Rc3 Re6+ 55. Kf2
{Black forfeits on time}
1-0

[Event "ICC tourney 2545 (5 3)"]
[Site "Internet Chess Club"]
[Date "2021.04.11"]
[Round "4"]
[White "A4-H5"]
[Black "KingSack"]
[Result "0-1"]
[ICCResult "White checkmated"]
[WhiteElo "1859"]
[BlackElo "1517"]
[Opening "Amar (Paris) opening"]
[ECO "A00"]
[NIC "VO.16"]
[Time "15:19:54"]
[TimeControl "300+3"]

1. Nh3 e5 2. c4 c6 3. d4 exd4 4. Qxd4 Qf6 5. Qe3+ Be7 6. Nc3 d6 7. g3 Be6 8.
Qd3 h6 9. Bg2 Nd7 10. Nf4 Ne5 11. Qc2 Bxc4 12. O-O O-O-O 13. Be3 Kb8 14. Qe4
d5 15. Qc2 d4 16. Ne4 Qf5 17. Bd2 Bd5 18. f3 g5 19. Bh3 Qh7 20. Ng2 f5 21.
Nc5 g4 22. Bf4 gxh3 23. Bxe5+ Ka8 24. Nf4 Bf6 25. Nxd5 Bxe5 26. Qb3 Rxd5 27.
Nd3 Ne7 28. a4 Qg7 29. Kf2 Bd6 30. a5 a6 31. Rac1 Qf6 32. f4 Qe6 33. Kg1
Qxe2 34. Rc2 Qe3+ 35. Rff2 Rb5 36. Qc4 Nd5 37. Re2 Re8 38. Rxe3 Nxe3 39.
Qxd4 Rd5 40. Qc4 Re4 41. Qb3 Red4 42. Rd2 Nc4 43. Rd1 Nxa5 44. Qc2 Rc4 45.
Qe2 Re4 46. Qh5 Red4 47. Nf2 Bc5 48. Rxd4 Rxd4 49. Qe8+ Ka7 50. Kf1 Rd2 51.
Nxh3 Rxh2 52. Ng5 hxg5 53. fxg5 Nc4 54. g6 Ne3+ 55. Kg1 Rg2+ 56. Kh1 Rxg3
57. Qf7 Ng4 58. g7 Rg1# {White checkmated} 0-1

[Event "ICC tourney 2545 (5 3)"]
[Site "Internet Chess Club"]
[Date "2021.04.11"]
[Round "4"]
[White "Keka34"]
[Black "dcole"]
[Result "0-1"]
[ICCResult "White resigns"]
[WhiteElo "1498"]
[BlackElo "1822"]
[Opening "Philidor: Nimzovich variation"]
[ECO "C41"]
[NIC "KP.08"]
[Time "15:20:31"]
[TimeControl "300+3"]

1. e4 e5 2. Nf3 d6 3. d4 Nf6 4. dxe5 Nxe4 5. Bc4 c6 6. exd6 Bxd6 7. O-O O-O
8. Bd3 Bf5 9. Nc3 Nxc3 10. bxc3 Bxd3 11. cxd3 Nd7 12. d4 Re8 13. Bg5 Qc7 14.
Qc2 h6 15. Bh4 Nf8 16. Bg3 Ng6 17. c4 Nf4 18. c5 Ne2+ 19. Kh1 Nxg3+ 20. fxg3
Bf8 21. Qc4 Rad8 22. Ne5 Re7 23. Rae1 Rd5 24. Ng4 Red7 25. Re8 Rxd4 26. Qc1
Rxg4 27. Qe1 Rd8 28. Rxd8 Qxd8 29. h3 Rd4 30. Qf2 Qd7 31. Kh2 Bxc5 32. Qf3
Rd2 33. Qf4 Qd5 34. Qf3 Qxf3 35. Rxf3 Rxa2 36. Rb3 b5 37. h4 Bd4 38. Kh3 a5
39. g4 a4 40. Rd3 Bf6 41. Rd6 Rc2 42. g3 Rc3 43. g5 Rxg3+ {White resigns}
0-1

[Event "ICC tourney 2545 (5 3)"]
[Site "Internet Chess Club"]
[Date "2021.04.11"]
[Round "4"]
[White "vJiggy"]
[Black "oxdidi"]
[Result "0-1"]
[ICCResult "White forfeits on time"]
[WhiteElo "1168"]
[BlackElo "1107"]
[Opening "Queen's pawn: London system"]
[ECO "A45"]
[NIC "QP.07"]
[Time "15:19:26"]
[TimeControl "300+3"]

1. d4 Nf6 2. Bf4 g6 3. c4 Bg7 4. Qd2 d6 5. Nc3 O-O 6. Bh6 Nbd7 7. Bxg7 Kxg7
8. O-O-O a5 9. h4 Nb6 10. e4 Be6 11. h5 Bxc4 12. hxg6 fxg6 13. Bxc4 Nxc4 14.
Qg5 Kg8 15. f4 Ne3 16. Rd3 Neg4 17. f5 Nf2 18. Rdh3 Nxh1 19. Rxh1 Qe8 20. e5
dxe5 21. dxe5 Nd7 22. Rh6 Rxf5 23. Qh4 Rf1+ 24. Kc2 Rxg1 25. Rxh7 Rxg2+ 26.
Kb3 Nc5+ 27. Ka3 Rg4 28. Rh8+ Kf7 29. Qf2+ Kg7 30. Rxe8 b5 31. Rxe7+ Kh6 32.
Qxc5 b4+ 33. Kb3 a4+ 34. Kc2 Rg2+ 35. Kd3 Rg3+ 36. Kc2 Rg2+ 37. Kc1 b3
{White forfeits on time}
0-1

[Event "ICC tourney 2545 (5 3)"]
[Site "Internet Chess Club"]
[Date "2021.04.11"]
[Round "4"]
[White "Colchester"]
[Black "TheGMnexttou"]
[Result "1-0"]
[ICCResult "Black resigns"]
[WhiteElo "1608"]
[BlackElo "1486"]
[Opening "Sicilian defense"]
[ECO "B40"]
[NIC "SI.43"]
[Time "15:20:32"]
[TimeControl "300+3"]

1. e4 c5 2. Nf3 e6 3. c4 Nc6 4. d4 cxd4 5. Nxd4 Bb4+ 6. Nc3 a6 7. Be2 Qc7 8.
O-O Nf6 9. Nxc6 bxc6 10. Bd3 Bb7 11. Bd2 a5 12. Qe2 Bc5 13. Rac1 O-O 14. h3
Ba7 15. a3 d6 16. b4 axb4 17. axb4 Bd4 18. Be3 c5 19. Nb5 Qb6 20. Bxd4 cxd4
21. Rc2 e5 22. f4 Ra4 23. Qd2 Nh5 24. fxe5 dxe5 25. c5 Qc6 26. Nd6 Nf4 27.
Bb5 Qxb5 28. Nxb5 Bxe4 29. Rcc1 Nd3 30. Ra1 Rxb4 31. Nd6 Rb2 32. Qxb2 Nxb2
33. Nxe4 d3 34. Ra2 Nc4 35. Nd2 Ne3 36. Re1 Nd5 37. Rxe5 Nb4 38. Ra3 Rc8 39.
Re4 Nc2 40. Rxd3 f5 41. Re5 Nb4 42. Rd7 Nc6 43. Rxf5 g6 44. Rfd5 Nb4 45.
Rd8+ Rxd8 46. Rxd8+ Kf7 47. Ne4 Ke7 48. Rh8 Kd7 49. Rxh7+ Kc6 50. Rh6 Nd5
51. Rxg6+ Kb5 52. h4 {Black resigns} 1-0

[Event "ICC tourney 2545 (5 3)"]
[Site "Internet Chess Club"]
[Date "2021.04.11"]
[Round "4"]
[White "minorpiece"]
[Black "colorfulcake"]
[Result "1-0"]
[ICCResult "Black resigns"]
[WhiteElo "1441"]
[BlackElo "1394"]
[Opening "Queen's pawn: London system"]
[ECO "A45"]
[NIC "QP.07"]
[Time "15:19:47"]
[TimeControl "300+3"]

1. d4 Nf6 2. Bf4 d6 3. Nf3 g6 4. e3 Bg7 5. Bc4 O-O 6. c3 a6 7. Nbd2 b5 8.
Bb3 Bb7 9. O-O Nbd7 10. Rc1 Rc8 11. c4 c5 12. cxb5 axb5 13. dxc5 Nxc5 14.
Bc2 Ra8 15. Bb1 Nfe4 16. b4 Nxd2 17. Nxd2 Ne6 18. Bg3 Qd7 19. Qb3 Rfc8 20.
a3 h5 21. h3 Rc6 22. Be4 Rca6 23. Bxb7 Qxb7 24. Nb1 Nf8 25. Rfd1 Nd7 26. Rd2
Nb6 27. h4 Nc4 28. Rd3 Nxa3 29. Nxa3 Rxa3 30. Qd5 Qxd5 31. Rxd5 Rb8 32. Rc7
Bf6 33. e4 Rb3 34. e5 dxe5 35. Bxe5 Bxe5 36. Rxe5 e6 37. Re4 Kg7 38. Rf4 Rf8
39. Rb7 e5 40. Re4 Kf6 41. Rxb5 Re8 42. f4 Rb1+ 43. Kh2 Kf5 44. Rexe5+ Rxe5
45. fxe5 Ke6 46. Kg3 Kf5 47. Kf3 Rb3+ 48. Ke2 Rb2+ 49. Kf3 Rb3+ 50. Kf2 Kg4
51. Rb7 Kxh4 52. Rxf7 Rxb4 53. e6 Re4 54. e7 Kg5 55. g3 Kh6 56. Kf3 Re1 57.
Kf4 g5+ 58. Kf5 Rf1+ 59. Ke6 Re1+ 60. Kd7 Rd1+ 61. Ke8 Kg6 62. Kf8 Re1 63.
e8=Q Rxe8+ 64. Kxe8 h4 65. g4 h3 66. Rf3 {Black resigns} 1-0

[Event "ICC tourney 2545 (5 3)"]
[Site "Internet Chess Club"]
[Date "2021.04.11"]
[Round "4"]
[White "DWGriff"]
[Black "michaelxiao"]
[Result "1-0"]
[ICCResult "Black checkmated"]
[WhiteElo "1707"]
[BlackElo "1335"]
[Opening "French: Rubinstein variation"]
[ECO "C10"]
[NIC "FR.07"]
[Time "15:20:12"]
[TimeControl "300+3"]

1. e4 e6 2. d4 d5 3. Nc3 dxe4 4. Nxe4 Be7 5. Nf3 Nf6 6. Nxf6+ Bxf6 7. Bd3 b6
8. O-O Bb7 9. c3 Nd7 10. Re1 O-O 11. Bc2 g6 12. Bh6 Bg7 13. Bxg7 Kxg7 14.
Qd2 Nf6 15. Ne5 Qd5 16. f3 c5 17. Bb3 Qd8 18. Rad1 cxd4 19. cxd4 Rc8 20. Qf4
Bd5 21. Bxd5 Nxd5 22. Qe4 Nf6 23. Qh4 Rc2 24. Nd3 Qd6 25. Rc1 Rfc8 26. Rxc2
Rxc2 27. a3 Rd2 28. Ne5 Rxd4 29. Qf2 Rd2 30. Re2 Rd1+ 31. Re1 Rxe1+ 32. Qxe1
Qd4+ 33. Kh1 Qxb2 34. Nc4 Qb3 35. Qc1 b5 36. Nd6 a5 37. Qa1 Kg8 38. h3 Nh5
39. Kh2 b4 40. g4 Nf4 41. Qf6 Qc2+ 42. Kg3 Ne2+ 43. Kh4 Qc7 44. Ne8 Qg3+ 45.
Kg5 h6+ 46. Kxh6 Qxh3+ 47. Kg5 Qh8 48. axb4 Qxf6+ 49. Nxf6+ Kg7 50. bxa5 Nd4
51. a6 Nc6 52. Ne8+ Kf8 53. Nd6 Ke7 54. Nb5 e5 55. a7 Nxa7 56. Nxa7 Ke6 57.
Nb5 f5 58. Kxg6 fxg4 59. fxg4 e4 60. Nc3 e3 61. Kg5 Kf7 62. Kf4 e2 63. Nxe2
Kf6 64. g5+ Kg6 65. Kg4 Kh7 66. Kf5 Kg7 67. g6 Kg8 68. Kf6 Kf8 69. Nf4 Kg8
70. g7 Kh7 71. Kf7 Kh6 72. Ne6 Kh5 73. g8=Q Kh4 74. Kf6 Kh3 75. Kf5 Kh2 76.
Kf4 Kh1 77. Kf3 Kh2 78. Qg2# {Black checkmated} 1-0

[Event "ICC tourney 2545 (5 3)"]
[Site "Internet Chess Club"]
[Date "2021.04.11"]
[Round "4"]
[White "fedown"]
[Black "wildrumpus"]
[Result "0-1"]
[ICCResult "White resigns"]
[WhiteElo "1383"]
[BlackElo "1380"]
[Opening "Queen's Indian accelerated"]
[ECO "E12"]
[NIC "QP.07"]
[Time "15:19:16"]
[TimeControl "300+3"]

1. d4 Nf6 2. c4 b6 3. Nc3 Bb7 4. Nf3 e6 5. g3 Bb4 6. Bg2 Ne4 7. Qc2 O-O 8.
a3 Bxc3+ 9. bxc3 f5 10. O-O d6 11. Be3 Nd7 12. a4 a5 13. Rab1 Ndf6 14. h3
Rb8 15. Qb3 Qe7 16. Qc2 Ba8 17. Rb2 Bc6 18. Rfb1 Qd7 19. Ra1 Rf7 20. c5 dxc5
21. dxc5 Rff8 22. Ne5 Qd5 23. Nxc6 Qxc6 24. cxb6 cxb6 25. Bd4 Qc4 26. Rab1
Nd7 27. Bxe4 fxe4 28. Qxe4 e5 29. Qg4 Nf6 30. Qh4 exd4 31. cxd4 Qxa4 32. Qg5
Qxd4 33. e3 Qd5 34. Qh4 b5 35. Qf4 b4 36. Qc7 Qb7 37. Qxa5 Ra8 38. Qe5 Qf7
39. f4 Nd7 40. Qd4 Rab8 41. Rxb4 Rxb4 42. Rxb4 Rd8 43. Rb7 Qe6 44. Kg2 Qc6+
45. Kf2 Qxb7 46. h4 Qb8 47. Qd5+ Kf8 48. Qf5+ Nf6 49. Qc5+ Qd6 50. Qf5 Kg8
51. g4 Qd2+ 52. Kf3 Qd5+ 53. Qxd5+ Nxd5 54. Ke4 Kf7 55. g5 g6 56. Kd4 Ke6
57. Ke4 Nc3+ 58. Kf3 Kf5 59. Kg3 Rd3 {White resigns} 0-1

[Event "ICC tourney 2545 (5 3)"]
[Site "Internet Chess Club"]
[Date "2021.04.11"]
[Round "4"]
[White "weakfish"]
[Black "Stroggs"]
[Result "1-0"]
[ICCResult "Black forfeits on time"]
[WhiteElo "1349"]
[BlackElo "1422"]
[Opening "French: Tarrasch, Guimard variation"]
[ECO "C04"]
[NIC "FR.15"]
[Time "15:19:09"]
[TimeControl "300+3"]

1. e4 e6 2. d4 d5 3. Nd2 Nc6 4. Bb5 Nf6 5. e5 Nd7 6. f4 Nxd4 7. Bxd7+ Bxd7
8. c3 Nf5 9. Nb3 h5 10. Nf3 Be7 11. O-O c5 12. Re1 b5 13. a3 Qb6 14. Kh1 a5
15. Qc2 a4 16. Nbd2 Bc6 17. Nf1 O-O-O 18. Ne3 g6 19. Nxf5 gxf5 20. Be3 Rd7
21. b4 axb3 22. Qxb3 Ra7 23. a4 Kb7 24. axb5 Qxb5 25. Rxa7+ Kxa7 26. Ra1+
Kb7 27. Qa3 Re8 28. Qa2 Kc7 29. Rb1 Qa4 30. Qb2 Qa6 31. Ng5 Bxg5 32. fxg5
Qa7 33. Ra1 Qb7 34. Qa3 Ra8 35. Qxa8 Qxa8 36. Rxa8 Bxa8 37. Bxc5 Kc6 38. Bd4
Kb5 39. Kg1 Kc4 40. Kf2 Bc6 41. Kg3 Ba4 42. Kh4 Bd1 43. h3 Kd3 44. Kg3 Ke4
45. h4 Be2 46. Kf2 Bg4 47. Kg3 {Black forfeits on time} 1-0

[Event "ICC tourney 2545 (5 3)"]
[Site "Internet Chess Club"]
[Date "2021.04.11"]
[Round "4"]
[White "HobbyChess"]
[Black "Python64"]
[Result "1-0"]
[ICCResult "Black resigns"]
[WhiteElo "2103"]
[BlackElo "1770"]
[Opening "English, 1...Nf6 (Anglo-Indian defense)"]
[ECO "A15"]
[NIC "EO.64"]
[Time "15:20:52"]
[TimeControl "300+3"]

1. c4 Nf6 2. g3 e5 3. Bg2 Nc6 4. Nc3 Bb4 5. Qc2 O-O 6. e3 Re8 7. Nge2 d6 8.
a3 Bc5 9. b4 Bb6 10. h3 Be6 11. d3 a6 12. O-O Qd7 13. Kh2 Rad8 14. Nd5 Bxd5
15. cxd5 Ne7 16. Nc3 c6 17. dxc6 Nxc6 18. Nd5 Nxd5 19. Bxd5 Ne7 20. Bg2 d5
21. Bb2 Nf5 22. Qb3 h5 23. h4 Nh6 24. Rac1 Ng4+ 25. Kg1 Qf5 26. Rce1 e4 27.
dxe4 dxe4 28. Rd1 Rxd1 29. Qxd1 Rd8 30. Qe2 Rd3 31. Bc1 Qd5 32. Qc2 Kh7 33.
Re1 Ne5 34. Bb2 Nf3+ 35. Bxf3 exf3 36. Rd1 {Black resigns} 1-0

[Event "ICC tourney 2545 (5 3)"]
[Site "Internet Chess Club"]
[Date "2021.04.11"]
[Round "4"]
[White "DrDrunkenstyn"]
[Black "Structor99"]
[Result "1/2-1/2"]
[ICCResult "Game drawn by mutual agreement"]
[WhiteElo "1676"]
[BlackElo "1912"]
[Opening "Queen's pawn"]
[ECO "A40"]
[NIC "QO.17"]
[Time "15:19:54"]
[TimeControl "300+3"]

1. d4 e6 2. Bf4 d5 3. Nf3 c5 4. c3 Qb6 5. Qc2 Nc6 6. e3 f5 7. h3 Bd7 8. Be2
Nf6 9. Nbd2 Rc8 10. Qb3 Na5 11. Qxb6 axb6 12. Ne5 c4 13. O-O b5 14. g4 g6
15. Kh2 b4 16. Ndf3 b5 17. Ng5 h6 18. Ngf3 g5 19. Nxd7 Nxd7 20. Be5 Nxe5 21.
Nxe5 Nc6 22. f4 Bd6 23. Bf3 Bxe5 24. dxe5 Ke7 25. gxf5 gxf4 26. f6+ Kd7 27.
exf4 bxc3 28. bxc3 b4 29. cxb4 Nxb4 30. Rg1 Rhg8 31. Rg7+ Rxg7 32. fxg7 Rg8
33. Rg1 d4 34. Bh5 Ke7 35. f5 exf5 36. e6 d3 37. Bf7 Rxg7 38. Rxg7 c3 39.
Bg8+ Kf6 {Game drawn by mutual agreement} 1/2-1/2